[Event "Late-Titled-Tuesday-Blitz-October-24-2023"]
[Site "Chess.com"]
[Date "2023.10.24"]
[Round "4"]
[White "Nekoo04"]
[Black "Gyulamiryan-koryun"]
[Result "1-0"]
[WhiteElo "2246"]
[BlackElo "1944"]
[TimeControl "180+1"]
[EndTime "14:40:52 PDT"]
[Termination "Nekoo04 won on time"]

1. e4 e5 2. Nc3 Nc6 3. Bc4 Nf6 4.
d3 Na5 5. Bb3 Nxb3 6. axb3 a6 7.
f4 exf4 8. Nf3 Bc5 9. Bxf4 O-O 10. Qd2 d6 11. Bg5 Re8 12. Nd5 c6 13. Nxf6+ gxf6 14. Bh4 Kh8 15. Qc3 Re6 16. Ng5 Qb6 17. Nxe6 Bb4 18. Bxf6+ Kg8 19. Nd4 Bxc3+ 20. bxc3 c5 21. Nf3 d5 22. e5 Bf5 23. O-O Bg6 24. Kh1 c4 25. bxc4 dxc4 26. Rab1 Qe3 27. Rxb7 cxd3 28.
Rfb1 Rf8 29. Rb8 Qc5 30. cxd3 Bxd3 31. Rxf8+ Qxf8 32. Rd1 Bb5 33. Rd8 h5 34. Rxf8+ Kxf8 35. Nd4 Bc4 36. Kg1 Ke8 37. Kf2 Kd7 38. Ke3 a5 39. Nc2 a4 40. Kd4 Be6 41. c4 a3 42.
Nxa3 Kc6 43. h3 Bf5 44. c5 Be6 45. Nc4 Kb5 46. Nd6+ Kc6 47. Ne4 Bd5 48. g4 hxg4 49.
hxg4 Be6 50. g5 Bf5 51. Ng3 Bg6 52. Ne2 Bf5 53. Nf4 Bc2 54. e6 fxe6 55. g6 1-0

[Event "Late-Titled-Tuesday-Blitz-October-24-2023"]
[Site "Chess.com"]
[Date "2023.10.24"]
[Round "4"]
[White "MikaelyanArman"]
[Black "KNVB"]
[Result "1/2-1/2"]
[WhiteElo "2911"]
[BlackElo "2667"]
[TimeControl "180+1"]
[EndTime "14:40:53 PDT"]
[Termination "Game drawn by repetition"]

1. d4 Nf6 2. c4 e5 3. dxe5 Ng4 4. Bf4 Nc6 5. Nf3 Bb4+ 6. Nc3 Bxc3+ 7. bxc3 Qe7 8. Qd5 f6 9. exf6 Nxf6 10. Qd3 d6 11. g3 O-O 12. Bg2 Re8 13. O-O Qxe2 14. Qxe2 Rxe2 15. Nd4 Nxd4 16. cxd4 Be6 17. Bxb7 Rb8 18.
Bf3 Rc2 19. d5 Bg4 20. Bxg4 Nxg4 21. Rac1 Rxa2 22. c5 Rbb2 23. cxd6 cxd6 24. Bxd6 Rd2 25. Rc5 Nf6 26. Bf4 Rxd5 27. Rc8+ Kf7 28. Rfc1 a5 29.
R8c7+ Rd7 30. Be5 Rd2 31. Bf4 Rxc7 32. Rxc7+ Rd7 33. Rc4 Ra7 34. Ra4 Nd5 35. Bd2 Nb6 36.
Rxa5 Rxa5 37. Bxa5 Nd5 38. Bd2 h5 39. Kg2 Ke6 40. Kf3 Kf5 41. h3 g6 42. Ke2 Nf6 43. f3 Nd5 44. Kd3 Nf6 45. Be3 Nd7 46. g4+ hxg4 47.
hxg4+ Ke6 48. Bd4 Nf8 49. Ke4 Nd7 50. Kf4 Kf7 51. Bc3 Ke6 52. Kg5 Kf7 53. Kh6 Nf8 54. Bd4 Ne6 55. Be5 Nc5 56. f4 Nd3 57. Bd6 Nf2 58. g5 Ng4+ 59. Kh7 Ne3 60. Be5 Nf5 61.
Bc3 Nh4 62. Bd2 Nf5 63. Be1 Ne7 64. Bg3 Nf5 65. Bf2 Ne7 66. Bd4 Nf5 67. Bf6 Nh4 68.
Bd8 Nf5 69. Bb6 Ng3 70. Be3 Nf5 71. Bd2 Nd6 72. Be1 Nf5 73. Bf2 Ne7 74. Bd4 Nf5 75. Bf2 1/2-1/2

[Event "Late-Titled-Tuesday-Blitz-October-24-2023"]
[Site "Chess.com"]
[Date "2023.10.24"]
[Round "4"]
[White "Nyzhnyk_Illia"]
[Black "KATPAH"]
[Result "1-0"]
[WhiteElo "2849"]
[BlackElo "2639"]
[TimeControl "180+1"]
[EndTime "14:40:54 PDT"]
[Termination "Nyzhnyk_Illia won by resignation"]

1. c4 Nf6 2. Nc3 e5 3. Nf3 Nc6 4. e3 d5 5. cxd5 Nxd5 6. Bb5 Nxc3 7. bxc3 Bd6 8. d4 exd4 9. cxd4 O-O 10. O-O Bg4 11. h3 Bh5 12. Bb2 Ne7 13. e4 c6 14.
Be2 Bg6 15. Nd2 Bb4 16. f3 f5 17. Qb3+ Nd5 18. exd5 Bxd2 19. dxc6+ Bf7 20. Qd3 Bf4 21. cxb7 Rb8 22. Qxf5 Bd5 23. Qg4 Rxb7 24. Ba3 Rf6 25.
Bd3 Be6 26. Qh5 Qxd4+ 27. Kh1 g6 28. Qh4 g5 29. Qh5 Qxd3 30. Qe8+ Kg7 31. Be7 Rf7 32.
Bxg5 Bxg5 33. Qxe6 Qf5 34. Qc4 Qf4 35. Qd5 Bf6 36.
Rae1 Rbe7 37. Qh5 Qg3 38. Re4 Rxe4 39. fxe4 Qg6 40. Qd5 Qg5 41. Rf5 Qc1+ 42. Kh2 Qc7+ 43. e5 Re7 44. Rxf6 Rxe5 45. Rf7+ Qxf7 46. Qxe5+ Kg8 47.
a4 Qd7 48. a5 a6 49. Kg3 Qb7 50. Kh4 Qb4+ 51. Kh5 Qb7 52. g4 Qf7+ 53. Kg5 Qg6+ 54. Kh4 Qh6+ 55. Kg3 Qd2 56. h4 Qd3+ 57. Kf4 Qd2+ 58.
Kf5 Qd3+ 59. Kg5 Qd2+ 60. Kf5 Qd3+ 61. Kf6 Qg6+ 62. Ke7 Qxg4 63. Qf6 Qe4+ 64. Qe6+ Qxe6+ 65. Kxe6 Kg7 66. Kd6 Kf7 67. Kc6 Ke6 68. Kb6 Kd6 69. Kxa6 Kc6 70. Ka7 Kc7 71. h5 Kc6 72. h6 Kc7 73. a6 Kc8 74. Kb6 Kb8 75. Kc6 Ka7 76. Kd7 Kxa6 77. Ke7 Kb7 78. Kf7 Kc7 79. Kg7 Kd7 80.
Kxh7 Ke7 81. Kg8 Ke6 82. h7 1-0

[Event "Late-Titled-Tuesday-Blitz-October-24-2023"]
[Site "Chess.com"]
[Date "2023.10.24"]
[Round "4"]
[White "BeanScreen"]
[Black "SanchezKelvin"]
[Result "0-1"]
[WhiteElo "2704"]
[BlackElo "2567"]
[TimeControl "180+1"]
[EndTime "14:40:55 PDT"]
[Termination "SanchezKelvin won on time"]

1. e4 e5 2. Nf3 Nc6 3. Bc4 Bc5 4. d3 Nf6 5. c3 d6 6. O-O a5 7. Re1 O-O 8. h3 Be6 9. Bb5 Na7 10. Ba4 b5 11.
Bc2 Bb6 12. d4 exd4 13. cxd4 c5 14. d5 Bd7 15. a4 bxa4 16. Bf4 Bc7 17. Bxa4 Bxa4 18.
Qxa4 Nd7 19. Nbd2 Nc8 20. Qc2 Ncb6 21. Ra3 Re8 22. Bg5 Qc8 23. Nh4 h6 24. Bf4 Nxd5 25. Bxh6 Nb4 26. Qc3 Ne5 27. Qg3 g6 28. f4 Kh7 29. Qg5 Bd8 30. Qg3 Nec6 31. Bg5 Bxg5 32. Qxg5 Qd8 33. Rg3 Qxg5 34. Rxg5 Nd4 35. f5 Kh6 36.
Rg3 g5 37. Nhf3 f6 38. Nh2 d5 39. Ng4+ Kg7 40. e5 Nxf5 41. exf6+ Kg6 42. Rxe8 Rxe8 43.
Rf3 Nd4 44. Rf2 Rf8 45. f7 Nbc6 46. Rf6+ Kg7 47. Nf3 Rxf7 48. Rxf7+ Kxf7 49. Nxg5+ Ke7 50. h4 a4 51. h5 Nf5 52. h6 Nh4 53. h7 Ng6 54.
Nh6 Nce5 55. Nf5+ Kf6 56. Nd6 Kxg5 0-1

[Event "Late-Titled-Tuesday-Blitz-October-24-2023"]
[Site "Chess.com"]
[Date "2023.10.24"]
[Round "4"]
[White "Eloist"]
[Black "campochess"]
[Result "1/2-1/2"]
[WhiteElo "2439"]
[BlackElo "2219"]
[TimeControl "180+1"]
[EndTime "14:40:55 PDT"]
[Termination "Game drawn - insufficient material"]

1. e4 c5 2. Nf3 Nc6 3. Bb5 e5 4. O-O Nge7 5. c3 a6 6. Ba4 d6 7.
d4 b5 8. Bb3 c4 9. Bc2 Bg4 10.
Be3 Ng6 11. h3 Bd7 12. b3 cxb3 13. axb3 Be7 14. d5 Na5 15. Nbd2 Nb7 16. b4 Qc7 17.
Ra3 O-O 18. Qe2 a5 19. Bd3 axb4 20. Rxa8 Rxa8 21. cxb4 Nd8 22. Bxb5 Bxb5 23. Qxb5 Rb8 24. Qe8+ Nf8 25. Qa4 Qc3 26. Rb1 Qd3 27. Qb3 Qb5 28. Qc4 Qb7 29. b5 Rc8 30. Qb4 f5 31. Bg5 fxe4 32.
Bxe7 Qxe7 33. Nxe4 Nb7 34. b6 Nd7 35. Qb2 Ndc5 36.
Rc1 Qd7 37. Nxc5 Rxc5 38. Rxc5 Nxc5 39. Ng5 h6 40. Ne6 Nb7 41. Qc3 Kf7 42. Qc7 Ke7 43.
Qxd7+ Kxd7 44. Nxg7 Na5 45. g4 Nc4 46. Nf5 Nxb6 47.
Ne3 Na4 48. Kg2 Nc3 49. Kg3 Ne2+ 50. Kh4 Nf4 51. g5 hxg5+ 52. Kg4 Ke7 53. Kxg5 Nxh3+ 54.
Kg6 Nxf2 55. Nf5+ Kd7 56. Kf6 Nd3 57. Ne3 Nf4 58. Kf5 Ne2 59. Ke4 Nc3+ 60. Kd3 Nb5 61. Kc4 Nd4 62. Kd3 Ke7 63. Ke4 Nb5 64. Nc4 Nc7 65.
Nxe5 Nxd5 66. Kxd5 dxe5 67. Kxe5 1/2-1/2

[Event "Late-Titled-Tuesday-Blitz-October-24-2023"]
[Site "Chess.com"]
[Date "2023.10.24"]
[Round "4"]
[White "Zhigalko_Sergei"]
[Black "GP9isback23"]
[Result "1-0"]
[WhiteElo "2952"]
[BlackElo "2615"]
[TimeControl "180+1"]
[EndTime "14:40:56 PDT"]
[Termination "Zhigalko_Sergei won by resignation"]

1. e4 c6 2. d4 d5 3. e5 Bf5 4. Nf3 e6 5. Be2 Nd7 6. O-O Bg6 7.
Nbd2 Ne7 8. a4 Nf5 9. a5 a6 10.
c4 Be7 11. c5 O-O 12. Re1 f6 13. exf6 Bxf6 14. Nf1 e5 15. dxe5 Nxe5 16. Ra3 Nd7 17. b4 Qc7 18. Ng3 Rae8 19. Bd3 Nxg3 20. hxg3 Bxd3 21.
Rxd3 Qd8 22. Bf4 Rxe1+ 23. Qxe1 Re8 24. Re3 Rxe3 25. Qxe3 Qe7 26. Qd2 Qe4 27. Bg5 h6 28. Bxf6 Nxf6 29. Ne1 Nd7 30. f3 Qf5 31. g4 Qe5 32.
Nc2 Nf8 33. Nd4 Ne6 34. Nf5 Nf4 35. g3 Ne6 36. Kg2 d4 37. Qd3 Kh8 38. Nd6 Qd5 39. Nc4 Ng5 40. Nd2 Ne6 41. Kf2 Qe5 42. f4 Qd5 43.
Qe4 Qa2 44. Ke2 Kg8 45. Qe5 Kf7 46. Qf5+ Kg8 47. Qe5 Kf7 48. Ke1 Kg8 49. g5 hxg5 50.
fxg5 Kf7 51. Qf5+ Kg8 52. g6 Nf8 53. Ne4 Qe6 54. Qxe6+ Nxe6 55. Nd6 Nd8 56. Kd2 Kf8 57. Kd3 Ke7 58. Kxd4 Kf6 59. Ke4 Kxg6 60. Ke5 Kg5 61.
Nf5 g6 62. Ne7 Kg4 63. Nxg6 Kxg3 64. Kd6 1-0

[Event "Late-Titled-Tuesday-Blitz-October-24-2023"]
[Site "Chess.com"]
[Date "2023.10.24"]
[Round "4"]
[White "gahryman"]
[Black "koncheto"]
[Result "0-1"]
[WhiteElo "2677"]
[BlackElo "2560"]
[TimeControl "180+1"]
[EndTime "14:40:56 PDT"]
[Termination "koncheto won by resignation"]

1. e4 c5 2. Nc3 e6 3. g3 g6 4. Bg2 Bg7 5. Nge2 Nc6 6. d3 d6 7. Be3 Nd4 8. Qd2 Ne7 9. O-O O-O 10. Nd1 Rb8 11. f4 b5 12. c3 Nxe2+ 13. Qxe2 b4 14.
Qd2 bxc3 15. Nxc3 Qb6 16. Rf2 Nc6 17. f5 exf5 18. Bh6 Bd4 19. Bxf8 Qxb2 20. Qxb2 Rxb2 21. Nd1 Bxf2+ 22. Nxf2 Kxf8 23. exf5 Nd4 24. fxg6 fxg6 25. Ne4 Nf5 26. Rf1 Kg7 27. Bh3 Ne3 28. Bxc8 Nxf1 29. Kxf1 Rxh2 30. a4 Ra2 31. Bd7 d5 32. Nxc5 Ra3 33.
Ke2 d4 34. Ne6+ Kf6 35. Nxd4 h5 36. Nf3 Ra2+ 37. Ke3 a5 38. Nd2 Ke5 39. Nc4+ Kf6 40. Nxa5 Kg5 41. Nc4 Kf6 42. a5 g5 43. Bc8 h4 44. gxh4 gxh4 45. a6 Ke7 46. d4 h3 47.
Bxh3 Rxa6 48. Bf1 Rh6 49. Bd3 Rh3+ 50. Ke4 Rh4+ 51. Kd5 Rh5+ 52. Ne5 Kd8 53. Ke6 Rh1 54. Bf5 Rd1 55. Nd3 Kc7 56. d5 Kd8 57. d6 Ra1 58.
Nc5 Ra7 59. Kd5 Rf7 60. Ne6+ Kc8 61. Ng5+ Rxf5+ 62. Ke6 Rxg5 63. Ke7 Rg7+ 64. Ke8 Rd7 0-1

[Event "Late-Titled-Tuesday-Blitz-October-24-2023"]
[Site "Chess.com"]
[Date "2023.10.24"]
[Round "4"]
[White "szachmistrz2500"]
[Black "ArtemDyachuk"]
[Result "0-1"]
[WhiteElo "2425"]
[BlackElo "2643"]
[TimeControl "180+1"]
[EndTime "14:40:56 PDT"]
[Termination "ArtemDyachuk won on time"]

1. Nf3 Nf6 2. g3 b5 3. Bg2 Bb7 4. d3 d5 5. O-O e6 6. Nbd2 c5 7. Qe1 Nc6 8. e4 Nb4 9. Qd1 dxe4 10. Ng5 Qd7 11. Ngxe4 Nxe4 12. Nxe4 Be7 13. a3 Nd5 14. c4 Nf6 15. Qe2 bxc4 16. dxc4 Nxe4 17. Bxe4 Bxe4 18.
Qxe4 O-O 19. Be3 Rab8 20. b4 Rfc8 21. Rfd1 Qa4 22. bxc5 Bf6 23. Rab1 Qxa3 24. c6 Rxb1 25. Rxb1 Qa6 26. c7 Qd6 27. Qb7 Rxc7 28. Qa8+ Bd8 29. Bf4 Qd3 30. Bxc7 Qxb1+ 31. Kg2 h6 32. Bxd8 Kh7 33. Qxa7 Qe4+ 34. Kf1 Qxc4+ 35. Kg1 Qc1+ 36. Kg2 Qc6+ 37. f3 Qc2+ 38. Qf2 Qd3 39. Bb6 e5 40. Be3 f5 41. Qd2 Qc4 42. h4 Qe6 43. Qd3 Qg6 44. Bf2 Qe6 45. g4 e4 46. gxf5 exd3 47. fxe6 d2 48.
e7 d1=Q 49. e8=Q Qd6 50. h5 Qf6 51. Qe4+ Kg8 52. Qg6 Qe5 53. Bg3 Qe2+ 54. Bf2 Qe5 55. Qg4 Kh7 56. Bg3 Qe2+ 57. Kh3 Qf1+ 58. Kh4 Qh1+ 0-1

[Event "Late-Titled-Tuesday-Blitz-October-24-2023"]
[Site "Chess.com"]
[Date "2023.10.24"]
[Round "4"]
[White "pooh2012"]
[Black "Maitreia"]
[Result "1-0"]
[WhiteElo "2470"]
[BlackElo "2633"]
[TimeControl "180+1"]
[EndTime "14:40:59 PDT"]
[Termination "pooh2012 won by checkmate"]

1. d4 Nf6 2. Bf4 g6 3. e3 Bg7 4. h4 O-O 5. c3 d6 6. Bd3 Nc6 7. Bh2 e5 8. Ne2 e4 9. Bc2 Bg4 10. c4 Ne7 11. Nbc3 d5 12. cxd5 Nexd5 13. Nxe4 Nxe4 14.
Bxe4 Nxe3 15. fxe3 Qxh4+ 16. g3 Qe7 17. Qd3 Rae8 18. Nc3 c6 19. Bg1 f5 20. Bg2 Qd6 21. Bf2 h5 22. O-O Kh7 23. e4 Rd8 24. exf5 Bxf5 25.
Be4 Bxd4 26. Bxf5 Rxf5 27. Bxd4 Rxf1+ 28. Rxf1 Qxd4+ 29. Qxd4 Rxd4 30. Rf7+ Kh6 31. Rxb7 a5 32.
Rb6 c5 33. Kf2 Kg5 34. Rb5 Kg4 35. Ne2 Rd2 36. Rxc5 Rxb2 37. Rxa5 g5 38. Ra4+ Kh3 39. a3 Ra2 40. Kf3 g4+ 41. Ke3 Kg2 42. Ra8 Kf1 43. Nf4 h4 44. gxh4 g3 45. h5 Rb2 46.
h6 Rb3+ 47. Ke4 Rb7 48. Rg8 Kf2 49. Rg6 Re7+ 50. Kf5 Rf7+ 51. Kg4 Ra7 52. Rg7 Ra6 53. h7 Rh6 54. Kg5 Rh1 55. Kf5 Kf3 56. a4 Rh6 57. a5 g2 58. Nxg2 Rh5+ 59. Kg6 Rh2 60. Nf4 Rh1 61.
Rg8 Rg1+ 62. Kf7 Rh1 63. h8=Q Rxh8 64. Rxh8 Kxf4 65. Re8 Kf5 66. a6 Kg5 67. a7 Kh6 68. a8=Q Kg5 69. Qd5+ Kh6 70. Re6+ Kh7 71. Qh5# 1-0

[Event "Late-Titled-Tuesday-Blitz-October-24-2023"]
[Site "Chess.com"]
[Date "2023.10.24"]
[Round "4"]
[White "MikeSailer"]
[Black "Zhbugnoimt"]
[Result "0-1"]
[WhiteElo "2054"]
[BlackElo "2540"]
[TimeControl "180+1"]
[EndTime "14:41:03 PDT"]
[Termination "Zhbugnoimt won on time"]

1. d4 Nf6 2. Bg5 d5 3. Bxf6 gxf6 4. Nc3 f5 5. e3 e6 6. Nf3 c5 7. Bb5+ Bd7 8. Ne5 Bxb5 9. Nxb5 h5 10. O-O Qb6 11. a4 a6 12. dxc5 Bxc5 13. Nd4 Nc6 14.
Ndxc6 bxc6 15. c4 Bd6 16. a5 Qc7 17. Nf3 Rb8 18. cxd5 cxd5 19. Qd4 Rg8 20. Rfc1 Qd7 21. Ne5 Qb5 22. Rc2 Rd8 23. Rac1 Qb7 24. f4 h4 25. h3 Be7 26. Rc7 Qb4 27. Qa7 f6 28.
Rxe7+ Qxe7 29. Rc7 Rg7 30. Rxe7+ Rxe7 31. Qxa6 fxe5 32.
fxe5 Kf7 33. Qb6 Rdd7 34. b4 Rb7 35. Qc5 Rec7 36. Qd4 Rc4 37. Qd2 Rcxb4 38. e4 Ra4 39. Qg5 Rb1+ 40. Kh2 Raa1 41. Qf6+ Ke8 42. Qxe6+ Kd8 43.
Qd6+ Kc8 44. Qc6+ Kb8 45. Qd6+ Ka7 46. Qc7+ Ka6 47. Qc6+ Kxa5 48. Qxd5+ Kb4 49. Qd4+ Kb3 50. Qd3+ Kb2 51. Qd2+ Ka3 52. Qc3+ Ka4 53. Qc4+ Rb4 54. Qc2+ Kb5 55. Qd3+ Ka5 56. Qd8+ Kb5 57. Qb8+ Kc4 58.
Qc7+ Kd3 59. Qd6+ Rd4 60. Qc5 Kxe4 61. e6 Rdd1 62. Qc4+ Ke5 63. Qc5+ Kf4 64. Qc4+ Kg5 65. g4 Rd2+ 0-1

[Event "Late-Titled-Tuesday-Blitz-October-24-2023"]
[Site "Chess.com"]
[Date "2023.10.24"]
[Round "4"]
[White "Semetey"]
[Black "Aygehovit1992"]
[Result "0-1"]
[WhiteElo "2520"]
[BlackElo "2659"]
[TimeControl "180+1"]
[EndTime "14:41:04 PDT"]
[Termination "Aygehovit1992 won on time"]

1. a3 g6 2. e4 Bg7 3. d4 d6 4. Nf3 Nf6 5. Nc3 O-O 6. h3 e5 7. dxe5 dxe5 8. Qxd8 Rxd8 9. Bg5 Re8 10. Bc4 c6 11.
O-O-O Nbd7 12. Be3 Nf8 13. Rd6 Be6 14. Bxe6 Nxe6 15.
Rhd1 Bf8 16. R6d2 Bc5 17. Bxc5 Nxc5 18. Re2 a5 19. a4 Kg7 20. g3 Rab8 21. b3 b5 22. axb5 cxb5 23. Kb2 b4 24. Nd5 Nfxe4 25. Rde1 f5 26. Nd2 Red8 27. Nxe4 Nxe4 28. Rd1 Rd7 29. f3 Nxg3 30. Rxe5 Rbd8 31. Kc1 h5 32. h4 Kh6 33. c4 bxc3 34. Nxc3 Rxd1+ 35. Nxd1 Rd3 36.
Kc2 Rxf3 37. Rxa5 Rf4 38. Ra4 Ne4 39. Rd4 Rxh4 40. b4 Rh2+ 41. Kb3 Rh3+ 42. Ka4 Nc3+ 43. Nxc3 Rxc3 44. b5 Kg5 45. Rd1 Rc8 46. Rg1+ Kf6 47.
b6 g5 48. Kb5 g4 49. b7 Rg8 50. Kc6 Kg5 51. Rd1 Rb8 52. Kc7 Rxb7+ 53. Kxb7 h4 54. Kc6 h3 55. Kd5 g3 56. Kd4 h2 57. Ke3 g2 58. Kf2 h1=Q 59. Rg1 Qh4+ 60. Kxg2 Qc4 61. Kh2+ Kf4 62. Rf1+ Kg4 63. Rg1+ Kh4 64. Rg3 Qf4 65. Kh1 Kxg3 0-1

[Event "Late-Titled-Tuesday-Blitz-October-24-2023"]
[Site "Chess.com"]
[Date "2023.10.24"]
[Round "4"]
[White "rychessmaster1"]
[Black "Skatchkov_V"]
[Result "1/2-1/2"]
[WhiteElo "2686"]
[BlackElo "2551"]
[TimeControl "180+1"]
[EndTime "14:41:05 PDT"]
[Termination "Game drawn by repetition"]

1. d4 Nf6 2. c4 e6 3. Nf3 d5 4. Nc3 Ne4 5. Qc2 Nxc3 6. Qxc3 a5 7. Bd2 Bb4 8. Qd3 dxc4 9. Qxc4 Bxd2+ 10. Nxd2 b6 11. e3 O-O 12. Rc1 Ra7 13. Qc2 Ba6 14.
Bxa6 Nxa6 15. O-O c5 16. Nf3 Rc7 17. Qe2 Qa8 18. a3 Rfc8 19. h3 h6 20. Rfd1 Qe4 21. Qc2 Qb7 22. Qa4 cxd4 23. Rxc7 Qxc7 24. Nxd4 Nc5 25.
Qb5 Rd8 26. Rc1 Qd6 27. Nf3 h5 28. b4 axb4 29. axb4 Nd7 30. Nd4 e5 31. Nc6 Re8 32.
e4 Kf8 33. Qd5 Qxd5 34. exd5 Nf6 35. d6 Re6 36. Rd1 Ke8 37. b5 Kd7 38. Nb8+ Kc8 39. Nc6 Kd7 40. f3 Rxd6 41. Nxe5+ Ke6 42. Rxd6+ Kxd6 43. Nxf7+ Kc5 44. g4 h4 45. Ne5 g5 46. Nf7 Nh7 47. Kf2 Kxb5 48. Ke3 Kc4 49. f4 gxf4+ 50. Kxf4 b5 51. g5 b4 52. g6 Nf6 53. Ne5+ Kc3 54.
Kf5 Ng8 55. Ng4 b3 56. Ne3 Kd2 57. Nc4+ Kc3 58. Na3 Kb2 59. Nb5 Kc1 60. Na3 Kb2 61. Nb5 Kc1 62. Ke6 b2 63. Na3 Nh6 64. g7 Kd2 65.
Kf6 Kc3 66. Kg5 Ng8 67. Kxh4 Kb3 68. Nb1 Kc2 69. Na3+ Kb3 70. Nb1 Kc2 71. Na3+ Kb3 1/2-1/2

[Event "Late-Titled-Tuesday-Blitz-October-24-2023"]
[Site "Chess.com"]
[Date "2023.10.24"]
[Round "4"]
[White "BasilSmash"]
[Black "Truequitos"]
[Result "0-1"]
[WhiteElo "2609"]
[BlackElo "2492"]
[TimeControl "180+1"]
[EndTime "14:41:05 PDT"]
[Termination "Truequitos won on time"]

1. e4 e6 2. d4 d5 3. Bd3 dxe4 4. Bxe4 Nf6 5. Bf3 Nbd7 6. Ne2 Bd6 7. O-O e5 8. Re1 O-O 9. Nbc3 Re8 10. g3 exd4 11.
Nxd4 Ne5 12. Bg2 Bg4 13. Qd2 Bc5 14. Nb3 Bb6 15. Qxd8 Raxd8 16. Be3 Nf3+ 17. Bxf3 Bxf3 18. Bxb6 axb6 19. Rxe8+ Nxe8 20. Re1 Kf8 21. Re3 Bc6 22. f3 Nd6 23. Rd3 Ke8 24. Nd2 Nf5 25. Rxd8+ Kxd8 26. Ne2 Ne3 27. c3 Nd1 28. b3 Kd7 29. c4 b5 30. Nd4 bxc4 31. Nxc4 Bd5 32. Ne5+ Kd6 33. f4 g6 34. Nb5+ Kc5 35. Nxc7 f5 36. Nd7+ Kd6 37. Nxd5 Kxd5 38. Nf6+ Ke6 39. Nxh7 Nc3 40.
a4 Ne2+ 41. Kf2 Nc1 42. Nf8+ Kf7 43. Nd7 Nxb3 44. Ke3 Ke6 45. Ne5 g5 46. Nd3 g4 47.
Ke2 Kd5 48. Nf2 Nd4+ 49. Kd3 Nf3 50. h4 gxh3 51. Nxh3 Ne1+ 52. Kc3 Ng2 53. Ng5 Ne3 54. Kd3 Nf1 55. Nf3 Nxg3 56. Nd4 Nh5 57. Ke3 Nxf4 58. Kxf4 Kxd4 59. Kxf5 Kc5 60. Ke4 Kb4 61. Kd4 Kxa4 62. Kc5 Ka5 63. Kc4 Ka4 64. Kc5 b5 0-1

[Event "Late-Titled-Tuesday-Blitz-October-24-2023"]
[Site "Chess.com"]
[Date "2023.10.24"]
[Round "4"]
[White "Alexei_Gubajdullin"]
[Black "SaqoChess_Twitch"]
[Result "1/2-1/2"]
[WhiteElo "2708"]
[BlackElo "2558"]
[TimeControl "180+1"]
[EndTime "14:41:07 PDT"]
[Termination "Game drawn by repetition"]

1. d4 d5 2. Nf3 e6 3. Bf4 Bd6 4. Bg3 Nf6 5. Nbd2 c5 6. e3 Nc6 7. c3 cxd4 8. exd4 Qc7 9. Bd3 O-O 10. O-O Bxg3 11. hxg3 Rb8 12. Qe2 a6 13. a4 b5 14.
axb5 axb5 15. Bxb5 Na7 16. Bd3 Rxb2 17. g4 h6 18. g5 hxg5 19. Rfc1 g4 20. Ne5 Nc6 21.
Qe3 Nxe5 22. dxe5 Nd7 23. Nf1 Qxe5 24. Qa7 Qb8 25. Qd4 Qb6 26. Ne3 Qxd4 27. cxd4 Nf6 28. Ra7 Bb7 29. Rc7 Rb8 30. g3 Kf8 31. Ng2 g5 32. Ne3 Rb4 33. Bc2 Rb6 34. Bd1 Ne8 35. Rd7 f5 36. Bxg4 fxg4 37. Nxg4 Nd6 38. Ne5 Ra8 39.
Rxa8+ Bxa8 40. Rd8+ Ke7 41. Rxa8 Nf5 42. Rg8 Nxd4 43.
Rxg5 Kf6 44. Rh5 Rb1+ 45. Kg2 Ne2 46. Ng4+ Ke7 47. Rh7+ Kd6 48. f4 Rb2 49. Kf3 Ng1+ 50. Ke3 Re2+ 51. Kd3 Rg2 52. Ne5 Rxg3+ 53. Kc2 Nf3 54. Rd7+ Kc5 55. Rc7+ Kd6 56. Rd7+ Kc5 57. Rc7+ Kb5 58. Re7 Nxe5 59. fxe5 Rg6 60. Kd3 Kc5 61.
Rc7+ Kb6 62. Re7 Kc6 63. Kd4 Rg4+ 64. Kd3 Rg6 65. Kd4 Rh6 66. Kd3 Kc5 67. Rc7+ Kb5 68.
Re7 Kb6 69. Kd4 Kc6 70. Kd3 Rg6 1/2-1/2

[Event "Late-Titled-Tuesday-Blitz-October-24-2023"]
[Site "Chess.com"]
[Date "2023.10.24"]
[Round "4"]
[White "Tonychess32"]
[Black "SlippperyWhenWet"]
[Result "1-0"]
[WhiteElo "2520"]
[BlackElo "2348"]
[TimeControl "180+1"]
[EndTime "14:41:14 PDT"]
[Termination "Tonychess32 won by checkmate"]

1. e4 c5 2. Nf3 e6 3. c3 d5 4. exd5 exd5 5. d4 Nc6 6. Bd3 Nf6 7.
O-O Be7 8. Re1 O-O 9. dxc5 Bxc5 10. Be3 Bxe3 11. Rxe3 Qb6 12. Qc2 Bg4 13. Nbd2 Rac8 14.
Qb3 Qc7 15. h3 Bh5 16. Rae1 Bg6 17. Bxg6 hxg6 18. Qa4 a6 19. Qh4 Rfe8 20. Rxe8+ Rxe8 21. Rxe8+ Nxe8 22. Nb3 Nf6 23. Qg5 Qe7 24. Qd2 Qe4 25. Kh2 Ne5 26. Nxe5 Qxe5+ 27. Kg1 Ne4 28. Qe3 Qh5 29.
f3 Nf6 30. Nd4 Qh6 31. Qxh6 gxh6 32. Nb3 b6 33. Kf2 Kf8 34. Ke3 Ke7 35. Nd4 Kd6 36. g4 Nd7 37. f4 b5 38. b4 Nb6 39. Nb3 Nc4+ 40. Kd4 Kc6 41. Kd3 Kb6 42. Nc5 a5 43. Kd4 axb4 44. cxb4 Kc6 45. Nd3 f6 46. Nc5 Nd6 47. Ne6 h5 48. gxh5 gxh5 49. Ng7 h4 50.
Nh5 Nf5+ 51. Kd3 Ng3 52. Nxf6 Ne4 53. Nxe4 dxe4+ 54. Kxe4 Kd6 55. f5 Ke7 56. Ke5 Kf7 57. f6 Kf8 58. Kf5 Kg8 59. Kg4 Kh7 60. Kg5 Kh8 61.
Kxh4 Kh7 62. Kg5 Kh8 63. Kf5 Kh7 64. Ke6 Kg6 65. f7 Kh7 66. Ke7 Kg6 67. f8=Q Kh7 68. Qf3 Kg6 69. Qg4+ Kh7 70. Kd6 Kh6 71. Kc5 Kh7 72.
Kxb5 Kh6 73. a4 Kh7 74. a5 Kh6 75. a6 Kh7 76. a7 Kh6 77. a8=Q Kh7 78. Kc5 Kh6 79.
b5 Kh7 80. b6 Kh6 81. b7 Kh7 82. b8=Q Kh6 83. Qe6+ Kh7 84. Qc7# 1-0

[Event "Late-Titled-Tuesday-Blitz-October-24-2023"]
[Site "Chess.com"]
[Date "2023.10.24"]
[Round "4"]
[White "Grischuk"]
[Black "Korchmar_Vasiliy"]
[Result "1-0"]
[WhiteElo "2993"]
[BlackElo "2776"]
[TimeControl "180+1"]
[EndTime "14:41:17 PDT"]
[Termination "Grischuk won by resignation"]

1. d4 Nf6 2. c4 e6 3. Bg5 d5 4. e3 Be7 5. Nc3 h6 6. Bh4 O-O 7. Qc2 b6 8. Nf3 Bb7 9. Bxf6 Bxf6 10.
cxd5 exd5 11. Rd1 c5 12. Be2 Nd7 13. O-O Rc8 14. Qf5 g6 15. Qf4 Bg7 16. dxc5 Nxc5 17. Nd4 Qe7 18. Bf3 Ne6 19. Nxe6 fxe6 20. Qg3 Kh7 21. Rd2 Bxc3 22. bxc3 Rxc3 23. Qe5 Qf6 24. Qd6 Rd8 25. Qb4 Rdc8 26. h3 h5 27. Rfd1 R8c7 28. a4 R3c4 29. Qa3 Qc3 30. Qd6 R4c6 31. Qd8 Qg7 32.
e4 Rc8 33. Qg5 Rc5 34. exd5 exd5 35. Bxd5 R8c7 36. Qg3 Bxd5 37. Rxd5 Rxd5 38. Rxd5 Rd7 39. Rg5 Re7 40. h4 Re1+ 41. Kh2 Re6 42. f3 Rf6 43. Rd5 Rf7 44. Re5 Re7 45. Rd5 Rd7 46. Rg5 Re7 47. Qf4 Rf7 48. Qe4 Re7 49. Rxh5+ Kg8 50. Qc4+ Kf8 51. Rd5 Qf6 52. Rd8+ Kg7 53. Qg8+ Kh6 54. Qh8+ Qxh8 55. Rxh8+ Kg7 56. Ra8 Kf6 57. g4 Ke5 58. Kg3 Kd4 59. Rg8 Re6 60. h5 gxh5 61. gxh5 Kc4 62.
f4 Kb4 63. f5 Re1 64. Kf4 Rf1+ 65. Ke5 Kxa4 66. f6 b5 67. Rg4+ Ka3 68. h6 Rh1 69. f7 Re1+ 70. Kf5 Rf1+ 71. Rf4 1-0

[Event "Late-Titled-Tuesday-Blitz-October-24-2023"]
[Site "Chess.com"]
[Date "2023.10.24"]
[Round "4"]
[White "igorkovalenko"]
[Black "Ali_rastbod"]
[Result "1-0"]
[WhiteElo "2936"]
[BlackElo "2748"]
[TimeControl "180+1"]
[EndTime "14:41:18 PDT"]
[Termination "igorkovalenko won by resignation"]

1. c4 e6 2. g3 d5 3. Bg2 Nf6 4. b3 d4 5. f4 Nc6 6. Nf3 Bc5 7. a3 a5 8. O-O O-O 9. Kh1 e5 10. d3 e4 11. Ng5 e3 12. Bb2 Re8 13. Bxc6 bxc6 14. Nf3 Bb6 15. b4 c5 16. b5 a4 17. Nc3 dxc3 18. Bxc3 Bb7 19. h3 Nh5 20. Kh2 f6 21. Rb1 Qd6 22. Qe1 g6 23. Rd1 Rad8 24. Rb1 Ng7 25. Nh4 Nf5 26. Nxf5 gxf5 27. Rg1 Kh8 28. Qf1 Rg8 29. g4 fxg4 30. hxg4 Qe6 31.
Qh3 Rd4 32. Rbf1 Bc8 33. Qh4 c6 34. bxc6 Qxc6 35. Bxd4 cxd4 36. g5 f5 37. Rb1 Bc7 38.
Rb5 Qd6 39. Re5 Qxa3 40. g6 Rxg6 41. Re8+ Kg7 42. Rxg6+ hxg6 43. Rxc8 Qd6 44. Qh8+ Kf7 45. Qg8+ Ke7 46. Qf8+ Kd7 47. Qxd6+ Bxd6 48. Ra8 a3 49. Kg2 Kc6 50. Kf3 Bb4 51. Kg3 Be7 52. Ra4 Kb6 53. Kf3 Kc6 54. Kg2 Kb6 55. Kf1 Kc6 56.
Ke1 Bd6 57. Kd1 Bxf4 58. Rxa3 g5 59. Ra5 g4 60. Rxf5 Bc7 61. Rg5 g3 62. Rg4 Kc5 63. Ke1 Be5 64. Kf1 Kb4 65. Re4 Bc7 66. Rxd4 Kc3 67. Rg4 Kd2 68. c5 Be5 69. d4 1-0